 Dungeon Crawl Stone Soup version 0.29-a0-319-gad05b8d819 (webtiles) character file.

Game seed: 6446805047712692332

38 zeratav the Digger (level 3, -4/26 HPs)
             Began as a Demigod Earth Elementalist on Apr 1, 2022.
             Slain by an iguana (8 damage)
             ... on level 2 of the Dungeon.
             The game lasted 00:08:09 (1393 turns).

zeratav the Digger (Demigod Earth Elementalist)     Turns: 1393, Time: 00:08:16

Health: -4/26      AC:  2    Str:  9    XL:     3   Next: 10%
Magic:  5/9        EV: 12    Int: 21    God:
Gold:   28         SH:  0    Dex: 14    Spells: 5/6 levels left

rFire   . . .      SeeInvis .   g - +1 short sword
rCold   . . .      Faith    .   (no shield)
rNeg    . . .      Spirit   .   b - +0 robe
rPois   .          Reflect  .   (no helmet)
rElec   .          Harm     .   (no cloak)
rCorr   .          Rampage  .   (no gloves)
Will    .....                   (no boots)
Stlth   ++........              (no amulet)
HPRegen 0.08/turn               (no ring)
MPRegen 0.11/turn               (no ring)

@: weak-willed
A: high MP 1, forlorn, divine attributes
a: no special abilities


You were on level 2 of the Dungeon.
You visited 1 branch of the dungeon, and saw 2 of its levels.

You collected 28 gold pieces.

Inventory:

Hand Weapons
 g - a +1 short sword (weapon)
Missiles
 a - 30 stones
 h - 4 poisoned darts (quivered)
Armour
 b - a +0 robe (worn)
 d - a +0 leather armour
Scrolls
 e - a scroll of identify
 k - 2 scrolls of magic mapping
Potions
 c - a potion of magic
 l - a potion of heal wounds {unknown}
 n - 2 potions of brilliance


   Skills:
 + Level 0.3 Short Blades
 + Level 2.1 Dodging
 + Level 2.0 Stealth
 + Level 2.3 Spellcasting
 + Level 0.8 Transmutations
 + Level 3.1 Earth Magic


You had 5 spell levels left.
You knew the following spells:

 Your Spells              Type           Power      Damage    Failure   Level
a - Sandblast             Erth           30%        2d9       4%          1

Your spell library contained the following spells:

 Spells                   Type           Power      Damage    Failure   Level
 Passwall                 Tmut/Erth      8%         N/A       10%         2
 Stone Arrow              Conj/Erth      16%        3d8       22%         3
 Petrify                  Tmut/Erth      10%        N/A       54%         4
 Leda's Liquefaction      Hex/Erth       4%         N/A       58%         4
 Lee's Rapid Deconstruct  Erth           7%         3d8*      73%         5
 Statue Form              Tmut/Erth      6%         N/A       100%        6


Dungeon Overview and Level Annotations

Branches:
Dungeon (2/15)


Innate Abilities, Weirdness & Mutations

You have an increased reservoir of magic. (+10% MP)
You shall have no god before yourself.
Your divine heritage dramatically boosts your attributes as you level up.


Message History

The hobgoblin barely misses you.
Casting: Sandblast (safe; 4% risk of failure)
Confirm with . or Enter, or press ? or * to list all spells.
Aiming: Sandblast (safe; 4% risk of failure)
Press: ? - help, Shift-Dir - straight line, f - iguana
Aim: an iguana (82% to hit)
The blast of sand hits the iguana.
The iguana is lightly wounded.
a - 33 stones The iguana misses you.
The hobgoblin hits you.
Casting: Sandblast (safe; 4% risk of failure)
Confirm with . or Enter, or press ? or * to list all spells.
Aiming: Sandblast (safe; 4% risk of failure)
Press: ? - help, Shift-Dir - straight line, f/p - iguana
Aim: an iguana (lightly wounded, 82% to hit)
The blast of sand hits the iguana.
The iguana is moderately wounded.
a - 32 stones The iguana bites you.
The hobgoblin closely misses you.
Casting: Sandblast (safe; 4% risk of failure)
Confirm with . or Enter, or press ? or * to list all spells.
Aiming: Sandblast (safe; 4% risk of failure)
Press: ? - help, Shift-Dir - straight line, f/p - iguana
Aim: an iguana (moderately wounded, 82% to hit)
The blast of sand hits the iguana.
The iguana is moderately wounded.
a - 31 stones The iguana bites you.
* * * LOW HITPOINT WARNING * * *
The hobgoblin closely misses you.
Casting: Sandblast (safe; 4% risk of failure)
Confirm with . or Enter, or press ? or * to list all spells.
Aiming: Sandblast (safe; 4% risk of failure)
Press: ? - help, Shift-Dir - straight line, f/p - iguana
Aim: an iguana (moderately wounded, 82% to hit)
The blast of sand hits the iguana but does no damage.
The iguana is moderately wounded.
a - 30 stones The iguana bites you!
You die...

,,,* *,,,,,<,,,,,,******,,*
,,,* *,,,...........,,,,,,*
,,,*
*,,...........#****,****
,,,*
*,,...........#,,,,,,,,*
,,,*
*,,...........#*,,,,*,**
,,,***,,...........#***,**,*
,,,,,,,,,..........###*,,,,*
,,,,,,,,***#...l.....#******
,,,,,,,,* #....@g...#
,,,,,,,,* #.........#
,,,,,,,,* #.........#
,,,,,,,,* #.........#
,,,,,,,,* #.........#
,,,,,,,,* #.........#
********* #.........#
###########


You could see an iguana and a hobgoblin.

Vanquished Creatures
  A dart slug (D:1)
  6 ball pythons
  4 endoplasms (D:1)
  A giant cockroach (D:1)
  4 kobolds (D:1)
  2 quokkas (D:1)
  3 bats (D:1)
  4 frilled lizards (D:1)
  5 goblins
  5 rats (D:1)
35 creatures vanquished.

Notes
Turn   | Place    | Note
-------+----------+-------------------------------------------
     0 | D:1      | zeratav the Demigod Earth Elementalist began the quest for
                  | the Orb.
     0 | D:1      | Reached XP level 1. HP: 14/14 MP: 5/5
   246 | D:1      | Reached XP level 2. HP: 19/20 MP: 3/7
   447 | D:1      | Reached skill level 3 in Earth Magic
  1012 | D:1      | Reached XP level 3. HP: 26/26 MP: 7/9
  1393 | D:2      | Slain by an iguana

Illustrated notes

Levels and vault maps discovered:
D:1:      dpeg_arrival_rooms_b, layout_loops_cross,
          chequers_serial_rivers_large_a
D:2:      layout_basic, serial_bayou_ford_a

Skill      XL: |  1  2 |
---------------+-------+-----
Spellcasting   | 2 |  2.3
Dodging        | 2 |  2.1
Earth Magic    | 3 |  3.1
Stealth        | 2 |  2.0
Short Blades   | |  0.3
Transmutations | |  0.8

Action                   || total
-------------------------++-------
Melee: Short sword       ||    44
Throw: Dart              ||     3
 Cast: Sandblast         ||    30
  Use: Scroll            ||     7
 Stab: Sleeping          ||     1
Armor: Robe              ||    10
Dodge: Dodged            ||    34

Table legend: (Time is in decaauts)
 A = Elapsed time spent in this place.
 B = Non-inter-level travel time spent in this place.
 C = Inter-level travel time spent in this place.
 D = Time resting spent in this place.
 E = Time spent auto-exploring this place.
 F = Levels seen in this place.
 G = Mean time per level.
                   A        B        C        D        E       F      G
               +--------+--------+--------+--------+--------+-----+--------+
         Total |   1410 |   1355 |     55 |    480 |    424 |   2 |  705.0 |
       Dungeon |   1410 |   1355 |     55 |    480 |    424 |   2 |  705.0 |
               +--------+--------+--------+--------+--------+-----+--------+

Top non-repeatable levels by time:
     D:1: 1347 daAuts
     D:2: 63 daAuts
